 Dungeon Crawl Stone Soup version 0.31.0-32-g396128a36d (webtiles) character file.

Game seed: 7883699649341790410

19 601d51SH the Covert (level 2, -2/29 HPs)
             Began as a Gnoll Delver on Mar 31, 2024.
             Slain by a river rat (5 damage)
             ... on level 3 of the Dungeon.
             The game lasted 00:01:21 (196 turns).

601d51SH the Covert (Gnoll Delver)                   Turns: 196, Time: 00:01:21

Health: -2/29      AC:  3    Str: 11    XL:     2   Next: 75%
Magic:  2/2        EV: 13    Int:  9    God:
Gold:   30         SH:  0    Dex: 13    Spells: 2/2 levels left

rFire   . . .        a - +0 spear
rCold   . . .        (no shield)
rNeg    . . .        b - +0 leather armour
rPois   .            (no helmet)
rElec   .            (no cloak)
rCorr   +            (no gloves)
SInv    .            (no boots)
Will    .....        l - amulet of the acrobat
Stlth   ++++         j - ring of resist corrosion
HPRegen 0.24/turn    (no ring)
MPRegen 0.08/turn

%: acrobat
@: no status effects
A: fangs 1, strong nose, distributed training
a: no special abilities


You were on level 3 of the Dungeon.
You visited 1 branch of the dungeon, and saw 3 of its levels.

You collected 30 gold pieces.

Inventory:

Hand Weapons
 a - a +0 spear (weapon)
Armour
 b - a +0 leather armour (worn)
Magical Staves
 h - a staff of death
Jewellery
 j - a ring of resist corrosion (left hand)
 l - an amulet of the acrobat (around neck)
Wands
 g - a wand of digging (3)
Scrolls
 c - a scroll of fog
 d - a scroll of revelation
 e - a scroll of fear
 k - a scroll of identify {unknown}
Potions
 f - a potion of haste
 i - a potion of curing {unknown}


   Skills:
 + Level 6.5 Fighting
 + Level 0.5 Short Blades
 + Level 0.5 Long Blades
 + Level 0.5 Axes
 + Level 0.5 Maces & Flails
 + Level 4.5 Polearms
 + Level 0.5 Staves
 + Level 0.5 Ranged Weapons
 + Level 0.5 Throwing
 + Level 0.5 Armour
 + Level 4.5 Dodging
 + Level 9.5 Stealth
 + Level 0.5 Shields
 + Level 0.5 Unarmed Combat
 + Level 0.5 Spellcasting
 + Level 0.4 Conjurations
 + Level 0.4 Hexes
 + Level 0.4 Summonings
 + Level 0.4 Necromancy
 + Level 0.4 Translocations
 + Level 0.4 Fire Magic
 + Level 0.4 Ice Magic
 + Level 0.4 Air Magic
 + Level 0.4 Earth Magic
 + Level 0.4 Alchemy
 + Level 0.7 Invocations
 + Level 0.5 Evocations
 + Level 0.5 Shapeshifting


You had 2 spell levels left.
You didn't know any spells.
Your spell library was empty.

Dungeon Overview and Level Annotations

Branches:
Dungeon (5/15)
 Temple: D:4-7

Altars:

Portals:
Sewer: D:3


Innate Abilities, Weirdness & Mutations

You have very sharp teeth.
Your uncanny sense of smell can sniff out nearby items.
Your experience applies equally to all skills.


Message History

The ball python hisses angrily.
The river rat squeaks loudly.
You hear a loud squeak.
You hear a bark!
You hear a loud squeak.
The frilled lizard hisses angrily.
You barely miss the frilled lizard.
The goblin shouts!
You hit the frilled lizard.
You kill the frilled lizard!
The kobold throws a stone.
The stone hits you but does no damage. The ball python closely misses you.
The ball python grabs you. The ball python constricts you.
You escape the ball python's grasp.
You see here a frilled lizard corpse.
A giant cockroach, 2 river rats and 2 jackals come into view.
Found a glowing drain.
The river rat completely misses you.
You barely miss the ball python.
A jackal comes into view.
The river rat misses you. The ball python misses you.
The ball python barely misses you.
The river rat squeaks loudly.
The jackal barks! x3
You hit the ball python but do no damage.
The river rat bites you!
The ball python bites you but does no damage.
The ball python closely misses you.
You barely miss the ball python. The river rat bites you!
The river rat bites you.
The ball python bites you but does no damage.
The ball python barely misses you.
You closely miss the ball python. The river rat barely misses you. x2
The ball python barely misses you. The ball python closely misses you.
The giant cockroach barely misses you.
You barely miss the ball python. Your bite misses the ball python.
The giant cockroach bites you but does no damage.
The ball python barely misses you. The ball python closely misses you.
The river rat completely misses you. The river rat bites you!
* * * LOW HITPOINT WARNING * * *
You hit the ball python.
You kill the ball python!
The giant cockroach misses you. The river rat completely misses you.
The river rat bites you.
You die...

..#.##....(.....#
.......#.##.#......
.........##.<.....#
.~~~...............
~~~~~..............
~~∩~~..#...........
~~~~h..#gK....K....
.~~~.rr#†#.##...#.#
....hhr@.#.# ..#..#
......B###.##.....#
.###### #.....##.#
#.>...# #
#.##...... #.#
#.#### #.# .# #.# #
#.#


You could see 3 river rats, 3 jackals, a giant cockroach, a goblin and a kobold.

Vanquished Creatures
  2 adders (D:5)
  A ball python (D:3)
  A frilled lizard (D:3)
4 creatures vanquished.

Notes
Turn   | Place    | Note
-------+----------+-------------------------------------------
     0 | D:5      | Reached skill level 9 in Stealth
     0 | D:5      | 601d51SH the Gnoll Delver began the quest for the Orb.
     0 | D:5      | Reached XP level 1. HP: 23/23 MP: 1/1
     3 | D:5      | Noticed a centaur
    40 | D:5      | Reached XP level 2. HP: 25/29 MP: 2/2
   190 | D:3      | Found a glowing drain.
   196 | D:3      | Slain by a river rat

Illustrated notes

Levels and vault maps discovered:
D:3:      gammafunk_steamed_eel, layout_basic, portal_sewer_entry_a,
          minmay_misc_feat_square
D:4:      layout_loops_cross, minmay_temple_entry_glassed_door,
          kennysheep_generic_room_10
D:5:      layout_rooms, minmay_manual_mares, uniq_pikel

Skill      XL: | |
---------------+-+-----
Stealth        | |  9.5
Fighting       | |  6.5
Short Blades   | |  0.5
Long Blades    | |  0.5
Axes           | |  0.5
Maces & Flails | |  0.5
Polearms       | |  4.5
Staves         | |  0.5
Ranged Weapons | |  0.5
Throwing       | |  0.5
Armour         | |  0.5
Dodging        | |  4.5
Shields        | |  0.5
Unarmed Combat | |  0.5
Spellcasting   | |  0.5
Conjurations   | |  0.4
Hexes          | |  0.4
Summonings     | |  0.4
Necromancy     | |  0.4
Translocations | |  0.4
Fire Magic     | |  0.4
Ice Magic      | |  0.4
Air Magic      | |  0.4
Earth Magic    | |  0.4
Alchemy        | |  0.4
Invocations    | |  0.7
Evocations     | |  0.5
Shapeshifting  | |  0.5

Action                     || total
---------------------------++-------
  Melee: Spear             ||    22
         Bite              ||     1
 Armour: Leather armour    ||    18
  Dodge: Dodged            ||    23
